Workbook
Name airline: '[1]NE PAS TOUCHER'!$M$1:$M$4
Name charnieres: '[2]NE PAS TOUCHER'!$A$11:$A$14
Name epaisseur_panneaux: '[2]NE PAS TOUCHER'!$C$2:$C$3
Name Etat: '[2]NE PAS TOUCHER'!$A$2:$A$4
Name fermetures: '[2]NE PAS TOUCHER'!$B$11:$B$19
Name liaison_arr: '[1]NE PAS TOUCHER'!$E$7:$E$11
Name Liaison_avant: '[1]NE PAS TOUCHER'!$E$1:$E$5
Name Marqueveh: '[1]NE PAS TOUCHER'!$O$6:$O$21
Name nb_fermetures: '[2]NE PAS TOUCHER'!$B$2:$B$3
Name oui_non: '[2]NE PAS TOUCHER'!$C$10:$C$11
Name remplissage_panneaux: '[2]NE PAS TOUCHER'!$D$2:$D$4
Name ridelles: '[1]NE PAS TOUCHER'!$H$1:$H$4
Name Segment_supplémentaire: '[2]NE PAS TOUCHER'!$G$2:$G$3
Name tubes_fenetre: '[1]NE PAS TOUCHER'!$K$1:$K$2
Name type_poches: '[2]NE PAS TOUCHER'!$E$2:$E$3
Name type_revetement: '[2]NE PAS TOUCHER'!$F$2:$F$4
Name type_soudure: '[2]NE PAS TOUCHER'!$D$10:$D$11
Name typologie: '[1]NE PAS TOUCHER'!$H$7:$H$9

Sheet Porte arrière Sandwich
B1: Formulaire de commande de portes - Classique - arrière | K1: Coût Matière | L1: =+M302+M293+M264+M254+M171+M151+M133+M111+M100+M84+M63+M41+M33+M260+M122+M226+M248+M188+M206 -> #REF! | M1: Poids total | N1: =+I302+I293+I264+I254+I171+I151+I133+I111+I100+I84+I63+I41+I33+I122+I226+I248+I260+I188+I206 -> #REF! | P1: Prix de vente BRUT | R1: Marge | S1: Unitairement
K2: Coût MOD | L2: =+M331 -> 683.1 | P2: SUI-CHF | Q2: =+L3*2.6 -> #REF! | R2: =+($Q$2*0.7-$L$3)/($Q$2*0.7) -> #REF! | S2: =+Q2/$F$4 -> #REF!
B3: Date | E3: Références | K3: Coût TOTAL | L3: =+L1+L2 -> #REF! | M3: Unitairement | N3: =+L3/F4 -> #REF! | P3: EXP-EUR | Q3: =+L3*2.36 -> #REF! | R3: =+($Q$3*0.5*1.1-$L$3)/($Q$3*0.5*1.1) -> #REF! | S3: =+Q3/$F$4 -> #REF!
B4: Client | E4: Quantité | F4: 1 | P4: EXP-CHF | Q4: =+Q3*1.15 -> #REF! | R4: =+($Q$4*0.5-$L$3)/($Q$4*0.5) -> #REF! | S4: =+Q4/$F$4 -> #REF!
B6: Hauteur cadre arrière | C6: Ht = (en mm) | D6: 2001 | F6: =+D6 -> 2001 | G6: Segments | H6: =+IF(F6<'[2]NE PAS TOUCHER'!A24,3,IF(F6<'[2]NE PAS TOUCHER'!A25,4,5)) -> 3 | N6: numéro article à commander
B7: Largeur exterieure du véhicule | C7: BA = (en mm) | D7: 2532 | N7: {=INDEX('[2]NE PAS TOUCHER'!$K$4:$V$220,MATCH(1,('Porte arrière Sandwich'!$D$13='[2]NE PAS TOUCHER'!K4:K220)*('Porte arrière Sandwich'!$D$15='[2]NE PAS TOUCHER'!M4:M220)*('Porte arrière Sandwich'!$D$26='[2]NE PAS TOUCHER'!N4:N220)*('Porte arrière Sandwich'!$G$17='[2]NE PAS TOUCHER'!O4:O220)*('Porte arrière Sandwich'!$G$13='[2]NE PAS TOUCHER'!P4:P220)*('Porte arrière Sandwich'!$H$6='[2]NE PAS TOUCHER'!R4:R220),0),IF(G19="non",11,9))} -> 2 016 920.201
B9: Souhait de segments supplémentaires
B10: Entre Axe segments | C10: A= (en mm)
B11: Nb de segments supplémentaire | C11: Exprimé par porte
N12: Doit il être créé?
B13: Nombre de vantaux | D13: 4 | F13: Exécution | G13: Sandwich | N13: =+IF(IFERROR(VLOOKUP($N$7,[2]!Tableau__192.168.29.23_APSSQL_Arizona_v_Addr_Employee_F[N° Article],1,),"oui")=N7,"non","oui") -> oui
B15: Nombre de fermetures | D15: 4 | F15: Revêtement | G15: Brut
B17: Etat | D17: Montée | F17: type de poches | G17: poches à souder | J17: =IF($D$19=30,"Attention, l'épaisseur des panneaux en 30mm n'est pour le moment pas prévu dans ce fichier.","")
B19: Epaisseur des panneaux | D19: 25 | F19: Linteau contact | G19: non
J20: =+IF($D$6>3099,"Attention la HI maximale est de 3099mm","")
B21: Charnières | D21: Std | F21: Montage des joints | G21: oui
B23: Fermetures | D23: Encastrée - MRF | F23: Soudure de la porte | G23: non
F25: Type de soudure | G25: Angles uniquement
D26: =IF(IFERROR(VLOOKUP(D23,'[2]NE PAS TOUCHER'!B14:B19,1,),"boxer")<>"boxer","Encastrée","boxer") -> Encastrée
B27: Qté | C27: Qte tot | D27: Désignation | E27: N° article | F27: L | G27: Poids | H27: unité de poids | I27: Poids total | K27: Coût unitaire | L27: unité du coût | M27: coût total
A28: Bordure std
B29: =+IF($G$19="oui ","0",IF($D$13=2,"1","5")) -> 5 | C29: =+B29*$F$4 -> 5 | D29: =+VLOOKUP(E29,[2]!Tableau__192.168.29.23_APSSQL_Arizona_v_Addr_Employee_F[[N° Article]:[Description courte]],3,) -> PROFIL PORTE 25 MM | E29: =+IF($G$15="Brut",'[2]Don''t touch'!$A$2,IF($G$15="eloxé",'[2]Don''t touch'!$B$2,'[2]Don''t touch'!$C$2)) -> 5 232 356 | F29: =+$F$6/1000 -> 2.001 | G29: =+VLOOKUP(E29,[2]!Tableau__192.168.29.23_APSSQL_Arizona_v_Addr_Employee_F[[N° Article]:[Poids net]],32,) -> 2.241 | H29: kg/m | I29: =C29*G29*F29 -> 22.421205 | J29: kg | K29: =+VLOOKUP(E29,[2]!Tableau__192.168.29.23_APSSQL_Arizona_v_Addr_Employee_F[[N° Article]:[Cout total]],9,) -> 4.36 | L29: =+VLOOKUP(E29,[2]!Tableau__192.168.29.23_APSSQL_Arizona_v_Addr_Employee_F[[N° Article]:[UC_code]],10,) -> KG | M29: =IF(L29="CENT",C29*K29/100,IF(L29="KG",K29*I29,K29*C29)) -> 97.756454
B30: =+IF($G$19="oui ","0","1") -> 1 | C30: =+B30*$F$4 -> 1 | D30: =+VLOOKUP(E30,[2]!Tableau__192.168.29.23_APSSQL_Arizona_v_Addr_Employee_F[[N° Article]:[Description courte]],3,) -> PROFIL PORTE 25 MM AVEC BATTUE | E30: =+IF($G$15="Brut",'[2]Don''t touch'!$A$3,IF($G$15="eloxé",'[2]Don''t touch'!$B$3,'[2]Don''t touch'!$C$3)) -> 5 232 325 | F30: =+$F$6/1000 -> 2.001 | G30: =+VLOOKUP(E30,[2]!Tableau__192.168.29.23_APSSQL_Arizona_v_Addr_Employee_F[[N° Article]:[Poids net]],32,) -> 2.286 | H30: kg/m | I30: =C30*G30*F30 -> 4.574286 | J30: kg | K30: =+VLOOKUP(E30,[2]!Tableau__192.168.29.23_APSSQL_Arizona_v_Addr_Employee_F[[N° Article]:[Cout total]],9,) -> 4.48 | L30: =+VLOOKUP(E30,[2]!Tableau__192.168.29.23_APSSQL_Arizona_v_Addr_Employee_F[[N° Article]:[UC_code]],10,) -> KG | M30: =IF(L30="CENT",C30*K30/100,IF(L30="KG",K30*I30,K30*C30)) -> 20.492801
B31: =+IF($G$19="oui ","0","2") -> 2 | C31: =+B31*$F$4 -> 2 | D31: =+VLOOKUP(E31,[2]!Tableau__192.168.29.23_APSSQL_Arizona_v_Addr_Employee_F[[N° Article]:[Description courte]],3,) -> PR.PORTE 25 RENFORCE | E31: =+IF($G$15="Brut",'[2]Don''t touch'!$A$4,IF($G$15="eloxé",'[2]Don''t touch'!$B$4,'[2]Don''t touch'!$C$4)) -> 5 232 376 | F31: =+$F$6/1000 -> 2.001 | G31: =+VLOOKUP(E31,[2]!Tableau__192.168.29.23_APSSQL_Arizona_v_Addr_Employee_F[[N° Article]:[Poids net]],32,) -> 2.395 | H31: kg/m | I31: =C31*G31*F31 -> 9.58479 | J31: kg | K31: =+VLOOKUP(E31,[2]!Tableau__192.168.29.23_APSSQL_Arizona_v_Addr_Employee_F[[N° Article]:[Cout total]],9,) -> 4.02 | L31: =+VLOOKUP(E31,[2]!Tableau__192.168.29.23_APSSQL_Arizona_v_Addr_Employee_F[[N° Article]:[UC_code]],10,) -> KG | M31: =IF(L31="CENT",C31*K31/100,IF(L31="KG",K31*I31,K31*C31)) -> 38.530856
B32: =+IF($G$19="oui ","0",IF($D$13=2,"4","8")) -> 8 | C32: =+B32*$F$4 -> 8 | D32: =+VLOOKUP(E32,[2]!Tableau__192.168.29.23_APSSQL_Arizona_v_Addr_Employee_F[[N° Article]:[Description courte]],3,) -> PROFIL PORTE 25 MM | E32: =+IF($G$15="Brut",'[2]Don''t touch'!$A$2,IF($G$15="eloxé",'[2]Don''t touch'!$B$2,'[2]Don''t touch'!$C$2)) -> 5 232 356 | F32: =+IF($D$13=2,($D$7-60)/2/1000,($D$7-78)/4/1000) -> 0.6135 | G32: =+VLOOKUP(E32,[2]!Tableau__192.168.29.23_APSSQL_Arizona_v_Addr_Employee_F[[N° Article]:[Poids net]],32,) -> 2.241 | H32: kg/m | I32: =C32*G32*F32 -> 10.998828 | J32: kg | K32: =+VLOOKUP(E32,[2]!Tableau__192.168.29.23_APSSQL_Arizona_v_Addr_Employee_F[[N° Article]:[Cout total]],9,) -> 4.36 | L32: =+VLOOKUP(E32,[2]!Tableau__192.168.29.23_APSSQL_Arizona_v_Addr_Employee_F[[N° Article]:[UC_code]],10,) -> KG | M32: =IF(L32="CENT",C32*K32/100,IF(L32="KG",K32*I32,K32*C32)) -> 47.95489
A33: =+A28 -> Bordure std | I33: =+SUM(I29:I32) -> 47.579109 | M33: =+SUM(M29:M32) -> 204.735
A35: Bordure contact
B36: =+IF($G$19="oui ",IF($D$13=2,"1","5"),"0") -> 0 | C36: =+B36*$F$4 -> 0 | D36: =+VLOOKUP(E36,[2]!Tableau__192.168.29.23_APSSQL_Arizona_v_Addr_Employee_F[[N° Article]:[Description courte]],3,) -> PROFIL PORTE 25 MM | E36: =+IF($G$15="Brut",'[2]Don''t touch'!$A$2,IF($G$15="eloxé",'[2]Don''t touch'!$B$2,'[2]Don''t touch'!$C$2)) -> 5 232 356 | F36: =+$F$6/1000 -> 2.001 | G36: =+VLOOKUP(E36,[2]!Tableau__192.168.29.23_APSSQL_Arizona_v_Addr_Employee_F[[N° Article]:[Poids net]],32,) -> 2.241 | H36: kg/m | I36: =C36*G36*F36 -> 0 | J36: kg | K36: =+VLOOKUP(E36,[2]!Tableau__192.168.29.23_APSSQL_Arizona_v_Addr_Employee_F[[N° Article]:[Cout total]],9,) -> 4.36 | L36: =+VLOOKUP(E36,[2]!Tableau__192.168.29.23_APSSQL_Arizona_v_Addr_Employee_F[[N° Article]:[UC_code]],10,) -> KG | M36: =I36*K36 -> 0
B37: =+IF($G$19="oui ","1","0") -> 0 | C37: =+B37*$F$4 -> 0 | D37: =+VLOOKUP(E37,[2]!Tableau__192.168.29.23_APSSQL_Arizona_v_Addr_Employee_F[[N° Article]:[Description courte]],3,) -> PROFIL PORTE 25 MM AVEC BATTUE | E37: =+IF($G$15="Brut",'[2]Don''t touch'!$A$3,IF($G$15="eloxé",'[2]Don''t touch'!$B$3,'[2]Don''t touch'!$C$3)) -> 5 232 325 | F37: =+$F$6/1000 -> 2.001 | G37: =+VLOOKUP(E37,[2]!Tableau__192.168.29.23_APSSQL_Arizona_v_Addr_Employee_F[[N° Article]:[Poids net]],32,) -> 2.286 | H37: kg/m | I37: =C37*G37*F37 -> 0 | J37: kg | K37: =+VLOOKUP(E37,[2]!Tableau__192.168.29.23_APSSQL_Arizona_v_Addr_Employee_F[[N° Article]:[Cout total]],9,) -> 4.48 | L37: =+VLOOKUP(E37,[2]!Tableau__192.168.29.23_APSSQL_Arizona_v_Addr_Employee_F[[N° Article]:[UC_code]],10,) -> KG | M37: =I37*K37 -> 0
B38: =+IF($G$19="oui ","2","0") -> 0 | C38: =+B38*$F$4 -> 0 | D38: =+VLOOKUP(E38,[2]!Tableau__192.168.29.23_APSSQL_Arizona_v_Addr_Employee_F[[N° Article]:[Description courte]],3,) -> PR.PORTE 25 RENFORCE | E38: =+IF($G$15="Brut",'[2]Don''t touch'!$A$4,IF($G$15="eloxé",'[2]Don''t touch'!$B$4,'[2]Don''t touch'!$C$4)) -> 5 232 376 | F38: =+$F$6/1000 -> 2.001 | G38: =+VLOOKUP(E38,[2]!Tableau__192.168.29.23_APSSQL_Arizona_v_Addr_Employee_F[[N° Article]:[Poids net]],32,) -> 2.395 | H38: kg/m | I38: =C38*G38*F38 -> 0 | J38: kg | K38: =+VLOOKUP(E38,[2]!Tableau__192.168.29.23_APSSQL_Arizona_v_Addr_Employee_F[[N° Article]:[Cout total]],9,) -> 4.02 | L38: =+VLOOKUP(E38,[2]!Tableau__192.168.29.23_APSSQL_Arizona_v_Addr_Employee_F[[N° Article]:[UC_code]],10,) -> KG | M38: =I38*K38 -> 0
B39: =+IF($G$19="oui ",IF($D$13=2,"2","4"),"0") -> 0 | C39: =+B39*$F$4 -> 0 | D39: =+VLOOKUP(E39,[2]!Tableau__192.168.29.23_APSSQL_Arizona_v_Addr_Employee_F[[N° Article]:[Description courte]],3,) -> PROFIL PORTE 25 MM | E39: =+IF($G$15="Brut",'[2]Don''t touch'!$A$2,IF($G$15="eloxé",'[2]Don''t touch'!$B$2,'[2]Don''t touch'!$C$2)) -> 5 232 356 | F39: =+IF($D$13=2,($D$7-60)/2/1000,($D$7-78)/4/1000) -> 0.6135 | G39: =+VLOOKUP(E39,[2]!Tableau__192.168.29.23_APSSQL_Arizona_v_Addr_Employee_F[[N° Article]:[Poids net]],32,) -> 2.241 | H39: kg/m | I39: =C39*G39*F39 -> 0 | J39: kg | K39: =+VLOOKUP(E39,[2]!Tableau__192.168.29.23_APSSQL_Arizona_v_Addr_Employee_F[[N° Article]:[Cout total]],9,) -> 4.36 | L39: =+VLOOKUP(E39,[2]!Tableau__192.168.29.23_APSSQL_Arizona_v_Addr_Employee_F[[N° Article]:[UC_code]],10,) -> KG | M39: =I39*K39 -> 0
B40: =+IF($G$19="oui ",IF($D$13=2,"2","4"),"0") -> 0 | C40: =+B40*$F$4 -> 0 | D40: =+VLOOKUP(E40,[2]!Tableau__192.168.29.23_APSSQL_Arizona_v_Addr_Employee_F[[N° Article]:[Description courte]],3,) -> PROFIL CONTACT 25 MM, COUPE | E40: =+IF($G$15="Brut",'[2]Don''t touch'!$A$5,IF($G$15="eloxé",'[2]Don''t touch'!$B$5,'[2]Don''t touch'!$C$5)) -> 5 232 345 | F40: =+IF($D$13=2,($D$7-60)/2/1000,($D$7-78)/4/1000) -> 0.6135 | G40: =+VLOOKUP(E40,[2]!Tableau__192.168.29.23_APSSQL_Arizona_v_Addr_Employee_F[[N° Article]:[Poids net]],32,) -> 2.272 | H40: kg/m | I40: =C40*G40*F40 -> 0 | J40: kg | K40: =+VLOOKUP(E40,[2]!Tableau__192.168.29.23_APSSQL_Arizona_v_Addr_Employee_F[[N° Article]:[Cout total]],9,) -> 4.45 | L40: =+VLOOKUP(E40,[2]!Tableau__192.168.29.23_APSSQL_Arizona_v_Addr_Employee_F[[N° Article]:[UC_code]],10,) -> KG | M40: =I40*K40 -> 0
A41: =+A35 -> Bordure contact | I41: =+SUM(I36:I40) -> 0 | M41: =+SUM(M36:M40) -> 0
A43: Base snap lock
B44: =+IF($G$13="Snap-lock",IF($D$13=2,"2","4"),"0") -> 0 | C44: =+B44*$F$4 -> 0 | D44: =+VLOOKUP(E44,[2]!Tableau__192.168.29.23_APSSQL_Arizona_v_Addr_Employee_F[[N° Article]:[Description courte]],3,) -> PR.SNAP 25 MM LA=75 | E44: =+IF($G$15="Brut",'[2]Don''t touch'!$A$7,IF($G$15="eloxé",'[2]Don''t touch'!$B$7,'[2]Don''t touch'!$C$7)) -> 5 212 952 | F44: =+($F$6-170)/1000 -> 1.831 | G44: =+VLOOKUP(E44,[2]!Tableau__192.168.29.23_APSSQL_Arizona_v_Addr_Employee_F[[N° Article]:[Poids net]],32,) -> 1.017 | H44: kg/m | I44: =(F44)*C44*G44 -> 0 | J44: kg | K44: =+VLOOKUP(E44,[2]!Tableau__192.168.29.23_APSSQL_Arizona_v_Addr_Employee_F[[N° Article]:[Cout total]],9,) -> 4.32 | L44: =+VLOOKUP(E44,[2]!Tableau__192.168.29.23_APSSQL_Arizona_v_Addr_Employee_F[[N° Article]:[UC_code]],10,) -> KG | M44: =IF(L44="CENT",C44*K44/100,IF(L44="KG",K44*I44,K44*C44)) -> 0
B45: =+IF($G$13="Snap-lock",IF($D$13=2,"8","4"),"0") -> 0 | C45: =+B45*$F$4 -> 0 | D45: =+VLOOKUP(E45,[2]!Tableau__192.168.29.23_APSSQL_Arizona_v_Addr_Employee_F[[N° Article]:[Description courte]],3,) -> PR.SNAP 25 MM LA=200 | E45: =+IF($G$15="Brut",'[2]Don''t touch'!$A$8,IF($G$15="eloxé",'[2]Don''t touch'!$B$8,'[2]Don''t touch'!$C$8)) -> 5 212 943 | F45: =+($F$6-170)/1000 -> 1.831 | G45: =+VLOOKUP(E45,[2]!Tableau__192.168.29.23_APSSQL_Arizona_v_Addr_Employee_F[[N° Article]:[Poids net]],32,) -> 2.58 | H45: kg/m | I45: =(F45)*C45*G45 -> 0 | J45: kg | K45: =+VLOOKUP(E45,[2]!Tableau__192.168.29.23_APSSQL_Arizona_v_Addr_Employee_F[[N° Article]:[Cout total]],9,) -> 4.22 | L45: =+VLOOKUP(E45,[2]!Tableau__192.168.29.23_APSSQL_Arizona_v_Addr_Employee_F[[N° Article]:[UC_code]],10,) -> KG | M45: =IF(L45="CENT",C45*K45/100,IF(L45="KG",K45*I45,K45*C45)) -> 0
B46: =+IF($G$13="Snap-lock",IF($D$13=2,"2","4"),"0") -> 0 | C46: =+B46*$F$4 -> 0 | D46: =+VLOOKUP(E46,[2]!Tableau__192.168.29.23_APSSQL_Arizona_v_Addr_Employee_F[[N° Article]:[Description courte]],3,) -> PR.SNAP 25 MM LA=200 | E46: =+IF($G$15="Brut",'[2]Don''t touch'!$A$9,IF($G$15="eloxé",'[2]Don''t touch'!$B$9,'[2]Don''t touch'!$C$9)) -> 5 212 937 | F46: =+($F$6-170)/1000 -> 1.831 | G46: =+VLOOKUP(E46,[2]!Tableau__192.168.29.23_APSSQL_Arizona_v_Addr_Employee_F[[N° Article]:[Poids net]],32,) -> 2.59 | H46: kg/m | I46: =(F46)*C46*G46 -> 0 | J46: kg | K46: =+VLOOKUP(E46,[2]!Tableau__192.168.29.23_APSSQL_Arizona_v_Addr_Employee_F[[N° Article]:[Cout total]],9,) -> 4.37 | L46: =+VLOOKUP(E46,[2]!Tableau__192.168.29.23_APSSQL_Arizona_v_Addr_Employee_F[[N° Article]:[UC_code]],10,) -> KG | M46: =IF(L46="CENT",C46*K46/100,IF(L46="KG",K46*I46,K46*C46)) -> 0
B47: =+IF($G$13="Snap-lock",IF($D$13=2,"2","6"),"0") -> 0 | C47: =+B47*$F$4 -> 0 | D47: =+VLOOKUP(E47,[2]!Tableau__192.168.29.23_APSSQL_Arizona_v_Addr_Employee_F[[N° Article]:[Description courte]],3,) -> AXE DE CHARNIERE ELOXE, CO | E47: 5 432 319 | F47: =+(($H$6-1)*600+180)/1000 -> 1.38 | G47: =+VLOOKUP(E47,[2]!Tableau__192.168.29.23_APSSQL_Arizona_v_Addr_Employee_F[[N° Article]:[Poids net]],32,) -> 0.556 | H47: kg/m | I47: =(F47)*C47*G47 -> 0 | J47: kg | K47: =+VLOOKUP(E47,[2]!Tableau__192.168.29.23_APSSQL_Arizona_v_Addr_Employee_F[[N° Article]:[Cout total]],9,) -> 5.75 | L47: =+VLOOKUP(E47,[2]!Tableau__192.168.29.23_APSSQL_Arizona_v_Addr_Employee_F[[N° Article]:[UC_code]],10,) -> KG | M47: =IF(L47="CENT",C47*K47/100,IF(L47="KG",K47*I47,K47*C47)) -> 0
B48: =+IF($G$13="Snap-lock",IF($D$13=2,"2","6"),"0") -> 0 | C48: =+B48*$F$4 -> 0 | D48: =+VLOOKUP(E48,[2]!Tableau__192.168.29.23_APSSQL_Arizona_v_Addr_Employee_F[[N° Article]:[Description courte]],3,) -> GOUPILLE SPIRALE 5 X 20 MM | E48: 2 019 006 | G48: =+VLOOKUP(E48,[2]!Tableau__192.168.29.23_APSSQL_Arizona_v_Addr_Employee_F[[N° Article]:[Poids net]],32,) -> 0.003 | H48: kg/pce | I48: =C48*G48 -> 0 | J48: kg | K48: =+VLOOKUP(E48,[2]!Tableau__192.168.29.23_APSSQL_Arizona_v_Addr_Employee_F[[N° Article]:[Cout total]],9,) -> 7.1 | L48: =+VLOOKUP(E48,[2]!Tableau__192.168.29.23_APSSQL_Arizona_v_Addr_Employee_F[[N° Article]:[UC_code]],10,) -> CENT | M48: =IF(L48="CENT",C48*K48/100,IF(L48="KG",K48*I48,K48*C48)) -> 0
B49: =+IF($G$13="Snap-lock",IF($D$13=2,"24","176"),"0") -> 0 | C49: =+B49*$F$4 -> 0 | D49: =+VLOOKUP(E49,[2]!Tableau__192.168.29.23_APSSQL_Arizona_v_Addr_Employee_F[[N° Article]:[Description courte]],3,) -> RIVET POP ALU 4,8 X 12 MM | E49: 2 029 139 | G49: =+VLOOKUP(E49,[2]!Tableau__192.168.29.23_APSSQL_Arizona_v_Addr_Employee_F[[N° Article]:[Poids net]],32,) -> 0.005 | H49: kg/pce | I49: =C49*G49 -> 0 | J49: kg | K49: =+VLOOKUP(E49,[2]!Tableau__192.168.29.23_APSSQL_Arizona_v_Addr_Employee_F[[N° Article]:[Cout total]],9,) -> 5.08 | L49: =+VLOOKUP(E49,[2]!Tableau__192.168.29.23_APSSQL_Arizona_v_Addr_Employee_F[[N° Article]:[UC_code]],10,) -> CENT | M49: =IF(L49="CENT",C49*K49/100,IF(L49="KG",K49*I49,K49*C49)) -> 0
B50: =+IF($G$13="Snap-lock",IF($D$13=2,"4","8"),"0") -> 0 | C50: =+B50*$F$4 -> 0 | D50: =+VLOOKUP(E50,[2]!Tableau__192.168.29.23_APSSQL_Arizona_v_Addr_Employee_F[[N° Article]:[Description courte]],3,) -> RENFORT D'ANGLE, ZNG | E50: 2 019 233 | G50: =+VLOOKUP(E50,[2]!Tableau__192.168.29.23_APSSQL_Arizona_v_Addr_Employee_F[[N° Article]:[Poids net]],32,) -> 0.215 | H50: kg/pce | I50: =C50*G50 -> 0 | J50: kg | K50: =+VLOOKUP(E50,[2]!Tableau__192.168.29.23_APSSQL_Arizona_v_Addr_Employee_F[[N° Article]:[Cout total]],9,) -> 1.32 | L50: =+VLOOKUP(E50,[2]!Tableau__192.168.29.23_APSSQL_Arizona_v_Addr_Employee_F[[N° Article]:[UC_code]],10,) -> PCE | M50: =IF(L50="CENT",C50*K50/100,IF(L50="KG",K50*I50,K50*C50)) -> 0
B51: =+IF($G$13="Snap-lock",IF($D$13=2,"4","8"),"0") -> 0 | C51: =+B51*$F$4 -> 0 | D51: =+VLOOKUP(E51,[2]!Tableau__192.168.29.23_APSSQL_Arizona_v_Addr_Employee_F[[N° Article]:[Description courte]],3,) -> EQUERRE RENFORT 27 MM ALU | E51: 2 019 232 | G51: =+VLOOKUP(E51,[2]!Tableau__192.168.29.23_APSSQL_Arizona_v_Addr_Employee_F[[N° Article]:[Poids net]],32,) -> 0.03 | H51: kg/pce | I51: =C51*G51 -> 0 | J51: kg | K51: =+VLOOKUP(E51,[2]!Tableau__192.168.29.23_APSSQL_Arizona_v_Addr_Employee_F[[N° Article]:[Cout total]],9,) -> 0.23 | L51: =+VLOOKUP(E51,[2]!Tableau__192.168.29.23_APSSQL_Arizona_v_Addr_Employee_F[[N° Article]:[UC_code]],10,) -> PCE | M51: =IF(L51="CENT",C51*K51/100,IF(L51="KG",K51*I51,K51*C51)) -> 0
B52: =+IF($G$13="Snap-lock",IF($D$13=2,1/2,1),0) -> 0 | C52: =B52*$F$4 -> 0 | D52: =+VLOOKUP(E52,[2]!Tableau__192.168.29.23_APSSQL_Arizona_v_Addr_Employee_F[[N° Article]:[Description courte]],3,) -> SIKAFLEX-221 BLANC 600 ML | E52: 2 015 106 | G52: =+VLOOKUP(E52,[2]!Tableau__192.168.29.23_APSSQL_Arizona_v_Addr_Employee_F[[N° Article]:[Poids net]],32,) -> 0.775 | H52: kg/pce | I52: =C52*G52 -> 0 | J52: kg | K52: =+VLOOKUP(E52,[2]!Tableau__192.168.29.23_APSSQL_Arizona_v_Addr_Employee_F[[N° Article]:[Cout total]],9,) -> 21.9 | L52: =+VLOOKUP(E52,[2]!Tableau__192.168.29.23_APSSQL_Arizona_v_Addr_Employee_F[[N° Article]:[UC_code]],10,) -> PCE | M52: =IF(L52="CENT",C52*K52/100,IF(L52="KG",K52*I52,K52*C52)) -> 0
B53: =+IF($G$13="Snap-lock",IF($D$13=2,"112","24"),"0") -> 0 | C53: =+B53*$F$4 -> 0 | D53: =+VLOOKUP(E53,[2]!Tableau__192.168.29.23_APSSQL_Arizona_v_Addr_Employee_F[[N° Article]:[Description courte]],3,) -> RIVET MONOBOLT ø 6,5x14.1ALU | E53: 1 059 059.126 | G53: =+VLOOKUP(E53,[2]!Tableau__192.168.29.23_APSSQL_Arizona_v_Addr_Employee_F[[N° Article]:[Poids net]],32,) -> 0.005 | H53: kg/pce | I53: =C53*G53 -> 0 | J53: kg | K53: =+VLOOKUP(E53,[2]!Tableau__192.168.29.23_APSSQL_Arizona_v_Addr_Employee_F[[N° Article]:[Cout total]],9,) -> 21.25 | L53: =+VLOOKUP(E53,[2]!Tableau__192.168.29.23_APSSQL_Arizona_v_Addr_Employee_F[[N° Article]:[UC_code]],10,) -> CENT | M53: =IF(L53="CENT",C53*K53/100,IF(L53="KG",K53*I53,K53*C53)) -> 0
B54: =+IF($G$13="Snap-lock","1","0") -> 0 | C54: =+B54*$F$4 -> 0 | D54: =+VLOOKUP(E54,[2]!Tableau__192.168.29.23_APSSQL_Arizona_v_Addr_Employee_F[[N° Article]:[Description courte]],3,) -> JOINT DE PORTE AVEC LEVRE | E54: 2 219 501 | F54: 12 | G54: =+VLOOKUP(E54,[2]!Tableau__192.168.29.23_APSSQL_Arizona_v_Addr_Employee_F[[N° Article]:[Poids net]],32,) -> 0.21 | H54: kg/m | I54: =(F54)*C54*G54 -> 0 | J54: kg | K54: =+VLOOKUP(E54,[2]!Tableau__192.168.29.23_APSSQL_Arizona_v_Addr_Employee_F[[N° Article]:[Cout total]],9,) -> 101.37 | L54: =+VLOOKUP(E54,[2]!Tableau__192.168.29.23_APSSQL_Arizona_v_Addr_Employee_F[[N° Article]:[UC_code]],10,) -> CENT | M54: =F54*K54/100*C54 -> 0
B55: =+IF($G$13="Snap-lock","1","0") -> 0 | C55: =+B55*$F$4 -> 0 | D55: =+VLOOKUP(E55,[2]!Tableau__192.168.29.23_APSSQL_Arizona_v_Addr_Employee_F[[N° Article]:[Description courte]],3,) -> JOINT DE PORTE, L = 3330 MM | E55: 2 219 330 | G55: =+VLOOKUP(E55,[2]!Tableau__192.168.29.23_APSSQL_Arizona_v_Addr_Employee_F[[N° Article]:[Poids net]],32,) -> 1.435 | H55: kg/pce | I55: =C55*G55 -> 0 | J55: kg | K55: =+VLOOKUP(E55,[2]!Tableau__192.168.29.23_APSSQL_Arizona_v_Addr_Employee_F[[N° Article]:[Cout total]],9,) -> 10.68 | L55: =+VLOOKUP(E55,[2]!Tableau__192.168.29.23_APSSQL_Arizona_v_Addr_Employee_F[[N° Article]:[UC_code]],10,) -> PCE | M55: =IF(L55="CENT",C55*K55/100,IF(L55="KG",K55*I55,K55*C55)) -> 0
B56: =+IF($G$13="Snap-lock",IF($D$13=2,"0","2"),"0") -> 0 | C56: =+B56*$F$4 -> 0 | D56: =+VLOOKUP(E56,[2]!Tableau__192.168.29.23_APSSQL_Arizona_v_Addr_Employee_F[[N° Article]:[Description courte]],3,) -> CAOUTCHOUC PR CHARNIERE 3 M | E56: 2 219 530.101 | G56: =+VLOOKUP(E56,[2]!Tableau__192.168.29.23_APSSQL_Arizona_v_Addr_Employee_F[[N° Article]:[Poids net]],32,) -> 0.35 | H56: kg/pce | I56: =C56*G56 -> 0 | J56: kg | K56: =+VLOOKUP(E56,[2]!Tableau__192.168.29.23_APSSQL_Arizona_v_Addr_Employee_F[[N° Article]:[Cout total]],9,) -> 3.08 | L56: =+VLOOKUP(E56,[2]!Tableau__192.168.29.23_APSSQL_Arizona_v_Addr_Employee_F[[N° Article]:[UC_code]],10,) -> PCE | M56: =IF(L56="CENT",C56*K56/100,IF(L56="KG",K56*I56,K56*C56)) -> 0
B57: =+IF($G$13="Snap-lock",IF($D$13=2,"2","4"),"0") -> 0 | C57: =+B57*$F$4 -> 0 | D57: =+VLOOKUP(E57,[2]!Tableau__192.168.29.23_APSSQL_Arizona_v_Addr_Employee_F[[N° Article]:[Description courte]],3,) -> SABOT NOIR PR CHARNIERE | E57: 2 049 112 | G57: =+VLOOKUP(E57,[2]!Tableau__192.168.29.23_APSSQL_Arizona_v_Addr_Employee_F[[N° Article]:[Poids net]],32,) -> 0.02 | H57: kg/pce | I57: =C57*G57 -> 0 | J57: kg | K57: =+VLOOKUP(E57,[2]!Tableau__192.168.29.23_APSSQL_Arizona_v_Addr_Employee_F[[N° Article]:[Cout total]],9,) -> 7.6 | L57: =+VLOOKUP(E57,[2]!Tableau__192.168.29.23_APSSQL_Arizona_v_Addr_Employee_F[[N° Article]:[UC_code]],10,) -> CENT | M57: =IF(L57="CENT",C57*K57/100,IF(L57="KG",K57*I57,K57*C57)) -> 0
B58: =+IF($G$13="Snap-lock",IF($D$13=2,"0","4"),"0") -> 0 | C58: =+B58*$F$4 -> 0 | D58: =+VLOOKUP(E58,[2]!Tableau__192.168.29.23_APSSQL_Arizona_v_Addr_Employee_F[[N° Article]:[Description courte]],3,) -> RESSORT PLAT PR CHARN.INTER. | E58: 2 049 109 | G58: =+VLOOKUP(E58,[2]!Tableau__192.168.29.23_APSSQL_Arizona_v_Addr_Employee_F[[N° Article]:[Poids net]],32,) -> 0.015 | H58: kg/pce | I58: =C58*G58 -> 0 | J58: kg | K58: =+VLOOKUP(E58,[2]!Tableau__192.168.29.23_APSSQL_Arizona_v_Addr_Employee_F[[N° Article]:[Cout total]],9,) -> 2 | L58: =+VLOOKUP(E58,[2]!Tableau__192.168.29.23_APSSQL_Arizona_v_Addr_Employee_F[[N° Article]:[UC_code]],10,) -> PCE | M58: =IF(L58="CENT",C58*K58/100,IF(L58="KG",K58*I58,K58*C58)) -> 0
B59: =+IF($G$13="Snap-lock",IF($D$13=2,"0",IF($H$6=3,"8",IF($H$6=4,"12","16"))),"0") -> 0 | C59: =+B59*$F$4 -> 0 | D59: =+VLOOKUP(E59,[2]!Tableau__192.168.29.23_APSSQL_Arizona_v_Addr_Employee_F[[N° Article]:[Description courte]],3,) -> PR.REMPLISSAGE COUPE | E59: 5 432 324 | F59: =+(600-110)/1000 -> 0.49 | G59: =+VLOOKUP(E59,[2]!Tableau__192.168.29.23_APSSQL_Arizona_v_Addr_Employee_F[[N° Article]:[Poids net]],32,) -> 0.132 | H59: kg/m | I59: =C59*G59*F59 -> 0 | J59: kg | K59: =+VLOOKUP(E59,[2]!Tableau__192.168.29.23_APSSQL_Arizona_v_Addr_Employee_F[[N° Article]:[Cout total]],9,) -> 8.57 | L59: =+VLOOKUP(E59,[2]!Tableau__192.168.29.23_APSSQL_Arizona_v_Addr_Employee_F[[N° Article]:[UC_code]],10,) -> KG | M59: =IF(L59="CENT",C59*K59/100,IF(L59="KG",K59*I59,K59*C59)) -> 0
B60: =+IF($G$13="Snap-lock",IF($D$13=2,"0","8"),"0") -> 0 | C60: =+B60*$F$4 -> 0 | D60: =+VLOOKUP(E60,[2]!Tableau__192.168.29.23_APSSQL_Arizona_v_Addr_Employee_F[[N° Article]:[Description courte]],3,) -> PR.REMPLISSAGE COUPE | E60: 5 432 324 | F60: =+ROUNDUP(((($F$6-($H$6-1)*600)/2)-72)/1000,3) -> 0.329 | G60: =+VLOOKUP(E60,[2]!Tableau__192.168.29.23_APSSQL_Arizona_v_Addr_Employee_F[[N° Article]:[Poids net]],32,) -> 0.132 | H60: kg/m | I60: =C60*G60*F60 -> 0 | J60: kg | K60: =+VLOOKUP(E60,[2]!Tableau__192.168.29.23_APSSQL_Arizona_v_Addr_Employee_F[[N° Article]:[Cout total]],9,) -> 8.57 | L60: =+VLOOKUP(E60,[2]!Tableau__192.168.29.23_APSSQL_Arizona_v_Addr_Employee_F[[N° Article]:[UC_code]],10,) -> KG | M60: =IF(L60="CENT",C60*K60/100,IF(L60="KG",K60*I60,K60*C60)) -> 0
B61: =+IF($G$13="Snap-lock",IF($D$13=2,"0","1"),"0") -> 0 | C61: =+B61*$F$4 -> 0 | D61: =+VLOOKUP(E61,[2]!Tableau__192.168.29.23_APSSQL_Arizona_v_Addr_Employee_F[[N° Article]:[Description courte]],3,) -> PR.REMPLISSAGE COUPE | E61: 5 432 324 | F61: =+($F$6-45)/1000 -> 1.956 | G61: =+VLOOKUP(E61,[2]!Tableau__192.168.29.23_APSSQL_Arizona_v_Addr_Employee_F[[N° Article]:[Poids net]],32,) -> 0.132 | H61: kg/m | I61: =C61*G61*F61 -> 0 | J61: kg | K61: =+VLOOKUP(E61,[2]!Tableau__192.168.29.23_APSSQL_Arizona_v_Addr_Employee_F[[N° Article]:[Cout total]],9,) -> 8.57 | L61: =+VLOOKUP(E61,[2]!Tableau__192.168.29.23_APSSQL_Arizona_v_Addr_Employee_F[[N° Article]:[UC_code]],10,) -> KG | M61: =IF(L61="CENT",C61*K61/100,IF(L61="KG",K61*I61,K61*C61)) -> 0
B62: =+IF($G$13="Snap-lock",IF($D$13=2,"4","8"),"0") -> 0 | C62: =+B62*$F$4 -> 0 | D62: =+VLOOKUP(E62,[2]!Tableau__192.168.29.23_APSSQL_Arizona_v_Addr_Employee_F[[N° Article]:[Description courte]],3,) -> RENFORT SZ PORTES ARRIERES | E62: 2 019 286 | G62: =+VLOOKUP(E62,[2]!Tableau__192.168.29.23_APSSQL_Arizona_v_Addr_Employee_F[[N° Article]:[Poids net]],32,) -> 0.175 | H62: kg/pce | I62: =C62*G62 -> 0 | J62: kg | K62: =+VLOOKUP(E62,[2]!Tableau__192.168.29.23_APSSQL_Arizona_v_Addr_Employee_F[[N° Article]:[Cout total]],9,) -> 1.74 | L62: =+VLOOKUP(E62,[2]!Tableau__192.168.29.23_APSSQL_Arizona_v_Addr_Employee_F[[N° Article]:[UC_code]],10,) -> PCE | M62: =IF(L62="CENT",C62*K62/100,IF(L62="KG",K62*I62,K62*C62)) -> 0
A63: =+A43 -> Base snap lock | I63: =+SUM(I44:I62) -> 0 | M63: =+SUM(M44:M62) -> 0
A65: Base sandwich
B66: =+IF($G$13="sandwich",IF($D$13=2,"2","6"),"0") -> 6 | C66: =+B66*$F$4 -> 6 | D66: =+VLOOKUP(E66,[2]!Tableau__192.168.29.23_APSSQL_Arizona_v_Addr_Employee_F[[N° Article]:[Description courte]],3,) -> AXE DE CHARNIERE ELOXE, CO | E66: 5 432 319 | F66: =+(($H$6-1)*600+180)/1000 -> 1.38 | G66: =+VLOOKUP(E66,[2]!Tableau__192.168.29.23_APSSQL_Arizona_v_Addr_Employee_F[[N° Article]:[Poids net]],32,) -> 0.556 | H66: kg/m | I66: =(F66)*C66*G66 -> 4.60368 | J66: kg | K66: =+VLOOKUP(E66,[2]!Tableau__192.168.29.23_APSSQL_Arizona_v_Addr_Employee_F[[N° Article]:[Cout total]],9,) -> 5.75 | L66: =+VLOOKUP(E66,[2]!Tableau__192.168.29.23_APSSQL_Arizona_v_Addr_Employee_F[[N° Article]:[UC_code]],10,) -> KG | M66: =I66*K66 -> 26.47116
B67: =+IF($G$13="sandwich",IF($D$13=2,"2","6"),"0") -> 6 | C67: =+B67*$F$4 -> 6 | D67: =+VLOOKUP(E67,[2]!Tableau__192.168.29.23_APSSQL_Arizona_v_Addr_Employee_F[[N° Article]:[Description courte]],3,) -> GOUPILLE SPIRALE 5 X 20 MM | E67: 2 019 006 | G67: =+VLOOKUP(E67,[2]!Tableau__192.168.29.23_APSSQL_Arizona_v_Addr_Employee_F[[N° Article]:[Poids net]],32,) -> 0.003 | H67: kg/pce | I67: =C67*G67 -> 0.018 | J67: kg | K67: =+VLOOKUP(E67,[2]!Tableau__192.168.29.23_APSSQL_Arizona_v_Addr_Employee_F[[N° Article]:[Cout total]],9,) -> 7.1 | L67: =+VLOOKUP(E67,[2]!Tableau__192.168.29.23_APSSQL_Arizona_v_Addr_Employee_F[[N° Article]:[UC_code]],10,) -> CENT | M67: =C67*K67/100 -> 0.426
B68: =+IF($G$13="sandwich",IF($D$13=2,"120","176"),"0") -> 176 | C68: =+B68*$F$4 -> 176 | D68: =+VLOOKUP(E68,[2]!Tableau__192.168.29.23_APSSQL_Arizona_v_Addr_Employee_F[[N° Article]:[Description courte]],3,) -> RIVET POP ALU 4,8 X 12 MM | E68: 2 029 139 | G68: =+VLOOKUP(E68,[2]!Tableau__192.168.29.23_APSSQL_Arizona_v_Addr_Employee_F[[N° Article]:[Poids net]],32,) -> 0.005 | H68: kg/pce | I68: =C68*G68 -> 0.88 | J68: kg | K68: =+VLOOKUP(E68,[2]!Tableau__192.168.29.23_APSSQL_Arizona_v_Addr_Employee_F[[N° Article]:[Cout total]],9,) -> 5.08 | L68: =+VLOOKUP(E68,[2]!Tableau__192.168.29.23_APSSQL_Arizona_v_Addr_Employee_F[[N° Article]:[UC_code]],10,) -> CENT | M68: =C68*K68/100 -> 8.9408
B69: =+IF($G$13="sandwich",IF($D$13=2,"4","8"),"0") -> 8 | C69: =+B69*$F$4 -> 8 | D69: =+VLOOKUP(E69,[2]!Tableau__192.168.29.23_APSSQL_Arizona_v_Addr_Employee_F[[N° Article]:[Description courte]],3,) -> RENFORT D'ANGLE, ZNG | E69: 2 019 233 | G69: =+VLOOKUP(E69,[2]!Tableau__192.168.29.23_APSSQL_Arizona_v_Addr_Employee_F[[N° Article]:[Poids net]],32,) -> 0.215 | H69: kg/pce | I69: =C69*G69 -> 1.72 | J69: kg | K69: =+VLOOKUP(E69,[2]!Tableau__192.168.29.23_APSSQL_Arizona_v_Addr_Employee_F[[N° Article]:[Cout total]],9,) -> 1.32 | L69: =+VLOOKUP(E69,[2]!Tableau__192.168.29.23_APSSQL_Arizona_v_Addr_Employee_F[[N° Article]:[UC_code]],10,) -> PCE | M69: =C69*K69 -> 10.56
B70: =+IF($G$13="sandwich",IF($D$13=2,"4","8"),"0") -> 8 | C70: =+B70*$F$4 -> 8 | D70: =+VLOOKUP(E70,[2]!Tableau__192.168.29.23_APSSQL_Arizona_v_Addr_Employee_F[[N° Article]:[Description courte]],3,) -> EQUERRE RENFORT 27 MM ALU | E70: 2 019 232 | G70: =+VLOOKUP(E70,[2]!Tableau__192.168.29.23_APSSQL_Arizona_v_Addr_Employee_F[[N° Article]:[Poids net]],32,) -> 0.03 | H70: kg/pce | I70: =C70*G70 -> 0.24 | J70: kg | K70: =+VLOOKUP(E70,[2]!Tableau__192.168.29.23_APSSQL_Arizona_v_Addr_Employee_F[[N° Article]:[Cout total]],9,) -> 0.23 | L70: =+VLOOKUP(E70,[2]!Tableau__192.168.29.23_APSSQL_Arizona_v_Addr_Employee_F[[N° Article]:[UC_code]],10,) -> PCE | M70: =C70*K70 -> 1.84
B71: =+IF($G$13="sandwich",IF($D$13=2,1/2,1),0) -> 1 | C71: =+B71*F4 -> 1 | D71: =+VLOOKUP(E71,[2]!Tableau__192.168.29.23_APSSQL_Arizona_v_Addr_Employee_F[[N° Article]:[Description courte]],3,) -> SIKAFLEX-221 BLANC 600 ML | E71: 2 015 106 | G71: =+VLOOKUP(E71,[2]!Tableau__192.168.29.23_APSSQL_Arizona_v_Addr_Employee_F[[N° Article]:[Poids net]],32,) -> 0.775 | H71: kg/pce | I71: =C71*G71 -> 0.775 | J71: kg | K71: =+VLOOKUP(E71,[2]!Tableau__192.168.29.23_APSSQL_Arizona_v_Addr_Employee_F[[N° Article]:[Cout total]],9,) -> 21.9 | L71: =+VLOOKUP(E71,[2]!Tableau__192.168.29.23_APSSQL_Arizona_v_Addr_Employee_F[[N° Article]:[UC_code]],10,) -> PCE | M71: =C71*K71 -> 21.9
B72: =+IF($G$13="sandwich",IF($D$13=2,"2","4"),"0") -> 4 | C72: =+B72*$F$4 -> 4 | D72: =+VLOOKUP(E72,[2]!Tableau__192.168.29.23_APSSQL_Arizona_v_Addr_Employee_F[[N° Article]:[Description courte]],3,) -> SABOT NOIR PR CHARNIERE | E72: 2 049 112 | G72: =+VLOOKUP(E72,[2]!Tableau__192.168.29.23_APSSQL_Arizona_v_Addr_Employee_F[[N° Article]:[Poids net]],32,) -> 0.02 | H72: kg/pce | I72: =C72*G72 -> 0.08 | J72: kg | K72: =+VLOOKUP(E72,[2]!Tableau__192.168.29.23_APSSQL_Arizona_v_Addr_Employee_F[[N° Article]:[Cout total]],9,) -> 7.6 | L72: =+VLOOKUP(E72,[2]!Tableau__192.168.29.23_APSSQL_Arizona_v_Addr_Employee_F[[N° Article]:[UC_code]],10,) -> CENT | M72: =C72*K72/100 -> 0.304
B73: =+IF($G$13="sandwich","1","0") -> 1 | C73: =+B73*$F$4 -> 1 | D73: =+VLOOKUP(E73,[2]!Tableau__192.168.29.23_APSSQL_Arizona_v_Addr_Employee_F[[N° Article]:[Description courte]],3,) -> JOINT DE PORTE AVEC LEVRE | E73: 2 219 501 | F73: 12 | G73: =+VLOOKUP(E73,[2]!Tableau__192.168.29.23_APSSQL_Arizona_v_Addr_Employee_F[[N° Article]:[Poids net]],32,) -> 0.21 | H73: kg/m | I73: =(F73)*C73*G73 -> 2.52 | J73: kg | K73: =+VLOOKUP(E73,[2]!Tableau__192.168.29.23_APSSQL_Arizona_v_Addr_Employee_F[[N° Article]:[Cout total]],9,) -> 101.37 | L73: =+VLOOKUP(E73,[2]!Tableau__192.168.29.23_APSSQL_Arizona_v_Addr_Employee_F[[N° Article]:[UC_code]],10,) -> CENT | M73: =F73*K73/100*C73 -> 12.1644
B74: =+IF($G$13="sandwich","1","0") -> 1 | C74: =+B74*$F$4 -> 1 | D74: =+VLOOKUP(E74,[2]!Tableau__192.168.29.23_APSSQL_Arizona_v_Addr_Employee_F[[N° Article]:[Description courte]],3,) -> JOINT DE PORTE, L = 3330 MM | E74: 2 219 330 | G74: =+VLOOKUP(E74,[2]!Tableau__192.168.29.23_APSSQL_Arizona_v_Addr_Employee_F[[N° Article]:[Poids net]],32,) -> 1.435 | H74: kg/pce | I74: =C74*G74 -> 1.435 | J74: kg | K74: =+VLOOKUP(E74,[2]!Tableau__192.168.29.23_APSSQL_Arizona_v_Addr_Employee_F[[N° Article]:[Cout total]],9,) -> 10.68 | L74: =+VLOOKUP(E74,[2]!Tableau__192.168.29.23_APSSQL_Arizona_v_Addr_Employee_F[[N° Article]:[UC_code]],10,) -> PCE | M74: =C74*K74 -> 10.68
B75: =+IF($G$13="sandwich","2","0") -> 2 | C75: =+B75*$F$4 -> 2 | D75: =+VLOOKUP(E75,[2]!Tableau__192.168.29.23_APSSQL_Arizona_v_Addr_Employee_F[[N° Article]:[Description courte]],3,) -> PANNEAU 25 x 1081 x 2070 | E75: =+IF(($F$6-165)<2070,"2 016 2070",IF(($F$6-165)<2570,"2 016 2570","2 016 2970")) -> 2 016 2070 | G75: =+VLOOKUP(E75,[2]!Tableau__192.168.29.23_APSSQL_Arizona_v_Addr_Employee_F[[N° Article]:[Poids net]],32,) -> 10.18 | H75: kg/pce | I75: =C75*G75 -> 20.36 | J75: kg | K75: =+VLOOKUP(E75,[2]!Tableau__192.168.29.23_APSSQL_Arizona_v_Addr_Employee_F[[N° Article]:[Cout total]],9,) -> 98.33 | L75: =+VLOOKUP(E75,[2]!Tableau__192.168.29.23_APSSQL_Arizona_v_Addr_Employee_F[[N° Article]:[UC_code]],10,) -> PCE | M75: =C75*K75 -> 196.66
B76: =+IF($G$13="sandwich",IF($D$13=2,"4","8"),"0") -> 8 | C76: =+B76*$F$4 -> 8 | D76: =+VLOOKUP(E76,[2]!Tableau__192.168.29.23_APSSQL_Arizona_v_Addr_Employee_F[[N° Article]:[Description courte]],3,) -> RENFORT SZ PORTES ARRIERES | E76: 2 019 286 | G76: =+VLOOKUP(E76,[2]!Tableau__192.168.29.23_APSSQL_Arizona_v_Addr_Employee_F[[N° Article]:[Poids net]],32,) -> 0.175 | H76: kg/pce | I76: =C76*G76 -> 1.4 | J76: kg | K76: =+VLOOKUP(E76,[2]!Tableau__192.168.29.23_APSSQL_Arizona_v_Addr_Employee_F[[N° Article]:[Cout total]],9,) -> 1.74 | L76: =+VLOOKUP(E76,[2]!Tableau__192.168.29.23_APSSQL_Arizona_v_Addr_Employee_F[[N° Article]:[UC_code]],10,) -> PCE | M76: =C76*K76 -> 13.92
B77: =+IF($G$13="sandwich",IF($D$13=2,"0",IF($H$6=3,"8",IF(H6=4,"12","16"))),"0") -> 8 | C77: =+B77*$F$4 -> 8 | D77: =+VLOOKUP(E77,[2]!Tableau__192.168.29.23_APSSQL_Arizona_v_Addr_Employee_F[[N° Article]:[Description courte]],3,) -> PR.REMPLISSAGE COUPE | E77: 5 432 324 | F77: =+(600-110)/1000 -> 0.49 | G77: =+VLOOKUP(E77,[2]!Tableau__192.168.29.23_APSSQL_Arizona_v_Addr_Employee_F[[N° Article]:[Poids net]],32,) -> 0.132 | H77: kg/m | I77: =C77*G77*F77 -> 0.51744 | J77: kg | K77: =+VLOOKUP(E77,[2]!Tableau__192.168.29.23_APSSQL_Arizona_v_Addr_Employee_F[[N° Article]:[Cout total]],9,) -> 8.57 | L77: =+VLOOKUP(E77,[2]!Tableau__192.168.29.23_APSSQL_Arizona_v_Addr_Employee_F[[N° Article]:[UC_code]],10,) -> KG | M77: =K77*I77 -> 4.4344608
B78: =+IF($G$13="sandwich",IF($D$13=2,"0","8"),"0") -> 8 | C78: =+B78*$F$4 -> 8 | D78: =+VLOOKUP(E78,[2]!Tableau__192.168.29.23_APSSQL_Arizona_v_Addr_Employee_F[[N° Article]:[Description courte]],3,) -> PR.REMPLISSAGE COUPE | E78: 5 432 324 | F78: =+ROUNDUP(((($F$6-($H$6-1)*600)/2)-72)/1000,3) -> 0.329 | G78: =+VLOOKUP(E78,[2]!Tableau__192.168.29.23_APSSQL_Arizona_v_Addr_Employee_F[[N° Article]:[Poids net]],32,) -> 0.132 | H78: kg/m | I78: =C78*G78*F78 -> 0.347424 | J78: kg | K78: =+VLOOKUP(E78,[2]!Tableau__192.168.29.23_APSSQL_Arizona_v_Addr_Employee_F[[N° Article]:[Cout total]],9,) -> 8.57 | L78: =+VLOOKUP(E78,[2]!Tableau__192.168.29.23_APSSQL_Arizona_v_Addr_Employee_F[[N° Article]:[UC_code]],10,) -> KG | M78: =K78*I78 -> 2.9774237
B79: =+IF($G$13="sandwich",IF($D$13=2,"0","1"),"0") -> 1 | C79: =+B79*$F$4 -> 1 | D79: =+VLOOKUP(E79,[2]!Tableau__192.168.29.23_APSSQL_Arizona_v_Addr_Employee_F[[N° Article]:[Description courte]],3,) -> PR.REMPLISSAGE COUPE | E79: 5 432 324 | F79: =+($F$6-45)/1000 -> 1.956 | G79: =+VLOOKUP(E79,[2]!Tableau__192.168.29.23_APSSQL_Arizona_v_Addr_Employee_F[[N° Article]:[Poids net]],32,) -> 0.132 | H79: kg/m | I79: =C79*G79*F79 -> 0.258192 | J79: kg | K79: =+VLOOKUP(E79,[2]!Tableau__192.168.29.23_APSSQL_Arizona_v_Addr_Employee_F[[N° Article]:[Cout total]],9,) -> 8.57 | L79: =+VLOOKUP(E79,[2]!Tableau__192.168.29.23_APSSQL_Arizona_v_Addr_Employee_F[[N° Article]:[UC_code]],10,) -> KG | M79: =K79*I79 -> 2.2127054
B80: =+IF($G$13="sandwich",IF($D$13=2,"0","2"),"0") -> 2 | C80: =+B80*$F$4 -> 2 | D80: =+VLOOKUP(E80,[2]!Tableau__192.168.29.23_APSSQL_Arizona_v_Addr_Employee_F[[N° Article]:[Description courte]],3,) -> CAOUTCHOUC PR CHARNIERE 3 M | E80: 2 219 530.101 | G80: =+VLOOKUP(E80,[2]!Tableau__192.168.29.23_APSSQL_Arizona_v_Addr_Employee_F[[N° Article]:[Poids net]],32,) -> 0.35 | H80: kg/pce | I80: =C80*G80 -> 0.7 | J80: kg | K80: =+VLOOKUP(E80,[2]!Tableau__192.168.29.23_APSSQL_Arizona_v_Addr_Employee_F[[N° Article]:[Cout total]],9,) -> 3.08 | L80: =+VLOOKUP(E80,[2]!Tableau__192.168.29.23_APSSQL_Arizona_v_Addr_Employee_F[[N° Article]:[UC_code]],10,) -> PCE | M80: =C80*K80 -> 6.16
B81: =+IF($G$13="sandwich",IF($D$13=2,"4","8"),"0") -> 8 | C81: =+B81*$F$4 -> 8 | D81: =+VLOOKUP(E81,[2]!Tableau__192.168.29.23_APSSQL_Arizona_v_Addr_Employee_F[[N° Article]:[Description courte]],3,) -> RENFORT SZ PORTES ARRIERES | E81: 2 019 286 | G81: =+VLOOKUP(E81,[2]!Tableau__192.168.29.23_APSSQL_Arizona_v_Addr_Employee_F[[N° Article]:[Poids net]],32,) -> 0.175 | H81: kg/pce | I81: =C81*G81 -> 1.4 | J81: kg | K81: =+VLOOKUP(E81,[2]!Tableau__192.168.29.23_APSSQL_Arizona_v_Addr_Employee_F[[N° Article]:[Cout total]],9,) -> 1.74 | L81: =+VLOOKUP(E81,[2]!Tableau__192.168.29.23_APSSQL_Arizona_v_Addr_Employee_F[[N° Article]:[UC_code]],10,) -> PCE | M81: =IF(L81="CENT",C81*K81/100,IF(L81="KG",K81*I81,K81*C81)) -> 13.92
B82: =+IF($G$13="sandwich",IF($D$13=2,"0","4"),"0") -> 4 | C82: =+B82*$F$4 -> 4 | D82: =+VLOOKUP(E82,[2]!Tableau__192.168.29.23_APSSQL_Arizona_v_Addr_Employee_F[[N° Article]:[Description courte]],3,) -> RESSORT PLAT PR CHARN.INTER. | E82: 2 049 109 | G82: =+VLOOKUP(E82,[2]!Tableau__192.168.29.23_APSSQL_Arizona_v_Addr_Employee_F[[N° Article]:[Poids net]],32,) -> 0.015 | H82: kg/pce | I82: =C82*G82 -> 0.06 | J82: kg | K82: =+VLOOKUP(E82,[2]!Tableau__192.168.29.23_APSSQL_Arizona_v_Addr_Employee_F[[N° Article]:[Cout total]],9,) -> 2 | L82: =+VLOOKUP(E82,[2]!Tableau__192.168.29.23_APSSQL_Arizona_v_Addr_Employee_F[[N° Article]:[UC_code]],10,) -> PCE | M82: =C82*K82 -> 8
B83: =+IF($G$13="sandwich",IF($D$13=2,"16","24"),"0") -> 24 | C83: =+B83*$F$4 -> 24 | D83: =+VLOOKUP(E83,[2]!Tableau__192.168.29.23_APSSQL_Arizona_v_Addr_Employee_F[[N° Article]:[Description courte]],3,) -> RIVET MONOBOLT ø 6,5x14.1ALU | E83: 1 059 059.126 | G83: =+VLOOKUP(E83,[2]!Tableau__192.168.29.23_APSSQL_Arizona_v_Addr_Employee_F[[N° Article]:[Poids net]],32,) -> 0.005 | H83: kg/pce | I83: =C83*G83 -> 0.12 | J83: kg | K83: =+VLOOKUP(E83,[2]!Tableau__192.168.29.23_APSSQL_Arizona_v_Addr_Employee_F[[N° Article]:[Cout total]],9,) -> 21.25 | L83: =+VLOOKUP(E83,[2]!Tableau__192.168.29.23_APSSQL_Arizona_v_Addr_Employee_F[[N° Article]:[UC_code]],10,) -> CENT | M83: =C83*K83/100 -> 5.1
A84: =+A65 -> Base sandwich | I84: =+SUM(I66:I83) -> 37.434736 | M84: =+SUM(M66:M83) -> 346.67095
A86: Base Kit
B87: =+IF($G$13="kit",IF($D$13=2,"2","6"),"0") -> 0 | C87: =+B87*$F$4 -> 0 | D87: =+VLOOKUP(E87,[2]!Tableau__192.168.29.23_APSSQL_Arizona_v_Addr_Employee_F[[N° Article]:[Description courte]],3,) -> AXE DE CHARNIERE ELOXE, CO | E87: 5 432 319 | F87: =+(($H$6-1)*600+180)/1000 -> 1.38 | G87: =+VLOOKUP(E87,[2]!Tableau__192.168.29.23_APSSQL_Arizona_v_Addr_Employee_F[[N° Article]:[Poids net]],32,) -> 0.556 | H87: kg/m | I87: =(F87)*C87*G87 -> 0 | J87: kg | K87: =+VLOOKUP(E87,[2]!Tableau__192.168.29.23_APSSQL_Arizona_v_Addr_Employee_F[[N° Article]:[Cout total]],9,) -> 5.75 | L87: =+VLOOKUP(E87,[2]!Tableau__192.168.29.23_APSSQL_Arizona_v_Addr_Employee_F[[N° Article]:[UC_code]],10,) -> KG | M87: =I87*K87 -> 0
B88: =+IF($G$13="kit",IF($D$13=2,"2","6"),"0") -> 0 | C88: =+B88*$F$4 -> 0 | D88: =+VLOOKUP(E88,[2]!Tableau__192.168.29.23_APSSQL_Arizona_v_Addr_Employee_F[[N° Article]:[Description courte]],3,) -> GOUPILLE SPIRALE 5 X 20 MM | E88: 2 019 006 | G88: =+VLOOKUP(E88,[2]!Tableau__192.168.29.23_APSSQL_Arizona_v_Addr_Employee_F[[N° Article]:[Poids net]],32,) -> 0.003 | H88: kg/pce | I88: =C88*G88 -> 0 | J88: kg | K88: =+VLOOKUP(E88,[2]!Tableau__192.168.29.23_APSSQL_Arizona_v_Addr_Employee_F[[N° Article]:[Cout total]],9,) -> 7.1 | L88: =+VLOOKUP(E88,[2]!Tableau__192.168.29.23_APSSQL_Arizona_v_Addr_Employee_F[[N° Article]:[UC_code]],10,) -> CENT | M88: =C88*K88/100 -> 0
B89: =+IF($G$13="kit",IF($D$13=2,"4","8"),"0") -> 0 | C89: =+B89*$F$4 -> 0 | D89: =+VLOOKUP(E89,[2]!Tableau__192.168.29.23_APSSQL_Arizona_v_Addr_Employee_F[[N° Article]:[Description courte]],3,) -> RENFORT D'ANGLE, ZNG | E89: 2 019 233 | G89: =+VLOOKUP(E89,[2]!Tableau__192.168.29.23_APSSQL_Arizona_v_Addr_Employee_F[[N° Article]:[Poids net]],32,) -> 0.215 | H89: kg/pce | I89: =C89*G89 -> 0 | J89: kg | K89: =+VLOOKUP(E89,[2]!Tableau__192.168.29.23_APSSQL_Arizona_v_Addr_Employee_F[[N° Article]:[Cout total]],9,) -> 1.32 | L89: =+VLOOKUP(E89,[2]!Tableau__192.168.29.23_APSSQL_Arizona_v_Addr_Employee_F[[N° Article]:[UC_code]],10,) -> PCE | M89: =C89*K89 -> 0
B90: =+IF($G$13="kit",IF($D$13=2,"4","8"),"0") -> 0 | C90: =+B90*$F$4 -> 0 | D90: =+VLOOKUP(E90,[2]!Tableau__192.168.29.23_APSSQL_Arizona_v_Addr_Employee_F[[N° Article]:[Description courte]],3,) -> EQUERRE RENFORT 27 MM ALU | E90: 2 019 232 | G90: =+VLOOKUP(E90,[2]!Tableau__192.168.29.23_APSSQL_Arizona_v_Addr_Employee_F[[N° Article]:[Poids net]],32,) -> 0.03 | H90: kg/pce | I90: =C90*G90 -> 0 | J90: kg | K90: =+VLOOKUP(E90,[2]!Tableau__192.168.29.23_APSSQL_Arizona_v_Addr_Employee_F[[N° Article]:[Cout total]],9,) -> 0.23 | L90: =+VLOOKUP(E90,[2]!Tableau__192.168.29.23_APSSQL_Arizona_v_Addr_Employee_F[[N° Article]:[UC_code]],10,) -> PCE | M90: =C90*K90 -> 0
B91: =+IF($G$13="kit",IF($D$13=2,"2","4"),"0") -> 0 | C91: =+B91*$F$4 -> 0 | D91: =+VLOOKUP(E91,[2]!Tableau__192.168.29.23_APSSQL_Arizona_v_Addr_Employee_F[[N° Article]:[Description courte]],3,) -> SABOT NOIR PR CHARNIERE | E91: 2 049 112 | G91: =+VLOOKUP(E91,[2]!Tableau__192.168.29.23_APSSQL_Arizona_v_Addr_Employee_F[[N° Article]:[Poids net]],32,) -> 0.02 | H91: kg/pce | I91: =C91*G91 -> 0 | J91: kg | K91: =+VLOOKUP(E91,[2]!Tableau__192.168.29.23_APSSQL_Arizona_v_Addr_Employee_F[[N° Article]:[Cout total]],9,) -> 7.6 | L91: =+VLOOKUP(E91,[2]!Tableau__192.168.29.23_APSSQL_Arizona_v_Addr_Employee_F[[N° Article]:[UC_code]],10,) -> CENT | M91: =C91*K91/100 -> 0
B92: =+IF($G$13="kit","1","0") -> 0 | C92: =+B92*$F$4 -> 0 | D92: =+VLOOKUP(E92,[2]!Tableau__192.168.29.23_APSSQL_Arizona_v_Addr_Employee_F[[N° Article]:[Description courte]],3,) -> JOINT DE PORTE AVEC LEVRE | E92: 2 219 501 | F92: 12 | G92: =+VLOOKUP(E92,[2]!Tableau__192.168.29.23_APSSQL_Arizona_v_Addr_Employee_F[[N° Article]:[Poids net]],32,) -> 0.21 | H92: kg/m | I92: =(F92)*C92*G92 -> 0 | J92: kg | K92: =+VLOOKUP(E92,[2]!Tableau__192.168.29.23_APSSQL_Arizona_v_Addr_Employee_F[[N° Article]:[Cout total]],9,) -> 101.37 | L92: =+VLOOKUP(E92,[2]!Tableau__192.168.29.23_APSSQL_Arizona_v_Addr_Employee_F[[N° Article]:[UC_code]],10,) -> CENT | M92: =F92*K92/100*C92 -> 0
B93: =+IF($G$13="kit","1","0") -> 0 | C93: =+B93*$F$4 -> 0 | D93: =+VLOOKUP(E93,[2]!Tableau__192.168.29.23_APSSQL_Arizona_v_Addr_Employee_F[[N° Article]:[Description courte]],3,) -> JOINT DE PORTE, L = 3330 MM | E93: 2 219 330 | G93: =+VLOOKUP(E93,[2]!Tableau__192.168.29.23_APSSQL_Arizona_v_Addr_Employee_F[[N° Article]:[Poids net]],32,) -> 1.435 | H93: kg/pce | I93: =C93*G93 -> 0 | J93: kg | K93: =+VLOOKUP(E93,[2]!Tableau__192.168.29.23_APSSQL_Arizona_v_Addr_Employee_F[[N° Article]:[Cout total]],9,) -> 10.68 | L93: =+VLOOKUP(E93,[2]!Tableau__192.168.29.23_APSSQL_Arizona_v_Addr_Employee_F[[N° Article]:[UC_code]],10,) -> PCE | M93: =C93*K93 -> 0
B94: =+IF($G$13="kit",IF($D$13=2,"0",IF($H$6=3,"8",IF($H$6=4,"12","16"))),"0") -> 0 | C94: =+B94*$F$4 -> 0 | D94: =+VLOOKUP(E94,[2]!Tableau__192.168.29.23_APSSQL_Arizona_v_Addr_Employee_F[[N° Article]:[Description courte]],3,) -> PR.REMPLISSAGE COUPE | E94: 5 432 324 | F94: =+(600-110)/1000 -> 0.49 | G94: =+VLOOKUP(E94,[2]!Tableau__192.168.29.23_APSSQL_Arizona_v_Addr_Employee_F[[N° Article]:[Poids net]],32,) -> 0.132 | H94: kg/m | I94: =C94*G94*F94 -> 0 | J94: kg | K94: =+VLOOKUP(E94,[2]!Tableau__192.168.29.23_APSSQL_Arizona_v_Addr_Employee_F[[N° Article]:[Cout total]],9,) -> 8.57 | L94: =+VLOOKUP(E94,[2]!Tableau__192.168.29.23_APSSQL_Arizona_v_Addr_Employee_F[[N° Article]:[UC_code]],10,) -> KG | M94: =K94*I94 -> 0
B95: =+IF($G$13="kit",IF($D$13=2,"0","8"),"0") -> 0 | C95: =+B95*$F$4 -> 0 | D95: =+VLOOKUP(E95,[2]!Tableau__192.168.29.23_APSSQL_Arizona_v_Addr_Employee_F[[N° Article]:[Description courte]],3,) -> PR.REMPLISSAGE COUPE | E95: 5 432 324 | F95: =+ROUNDUP(((($F$6-($H$6-1)*600)/2)-72)/1000,3) -> 0.329 | G95: =+VLOOKUP(E95,[2]!Tableau__192.168.29.23_APSSQL_Arizona_v_Addr_Employee_F[[N° Article]:[Poids net]],32,) -> 0.132 | H95: kg/m | I95: =C95*G95*F95 -> 0 | J95: kg | K95: =+VLOOKUP(E95,[2]!Tableau__192.168.29.23_APSSQL_Arizona_v_Addr_Employee_F[[N° Article]:[Cout total]],9,) -> 8.57 | L95: =+VLOOKUP(E95,[2]!Tableau__192.168.29.23_APSSQL_Arizona_v_Addr_Employee_F[[N° Article]:[UC_code]],10,) -> KG | M95: =K95*I95 -> 0
B96: =+IF($G$13="kit",IF($D$13=2,"0","1"),"0") -> 0 | C96: =+B96*$F$4 -> 0 | D96: =+VLOOKUP(E96,[2]!Tableau__192.168.29.23_APSSQL_Arizona_v_Addr_Employee_F[[N° Article]:[Description courte]],3,) -> PR.REMPLISSAGE COUPE | E96: 5 432 324 | F96: =+($F$6-45)/1000 -> 1.956 | G96: =+VLOOKUP(E96,[2]!Tableau__192.168.29.23_APSSQL_Arizona_v_Addr_Employee_F[[N° Article]:[Poids net]],32,) -> 0.132 | H96: kg/m | I96: =C96*G96*F96 -> 0 | J96: kg | K96: =+VLOOKUP(E96,[2]!Tableau__192.168.29.23_APSSQL_Arizona_v_Addr_Employee_F[[N° Article]:[Cout total]],9,) -> 8.57 | L96: =+VLOOKUP(E96,[2]!Tableau__192.168.29.23_APSSQL_Arizona_v_Addr_Employee_F[[N° Article]:[UC_code]],10,) -> KG | M96: =K96*I96 -> 0
B97: =+IF($G$13="kit",IF($D$13=2,"0","2"),"0") -> 0 | C97: =+B97*$F$4 -> 0 | D97: =+VLOOKUP(E97,[2]!Tableau__192.168.29.23_APSSQL_Arizona_v_Addr_Employee_F[[N° Article]:[Description courte]],3,) -> CAOUTCHOUC PR CHARNIERE 3 M | E97: 2 219 530.101 | G97: =+VLOOKUP(E97,[2]!Tableau__192.168.29.23_APSSQL_Arizona_v_Addr_Employee_F[[N° Article]:[Poids net]],32,) -> 0.35 | H97: kg/pce | I97: =C97*G97 -> 0 | J97: kg | K97: =+VLOOKUP(E97,[2]!Tableau__192.168.29.23_APSSQL_Arizona_v_Addr_Employee_F[[N° Article]:[Cout total]],9,) -> 3.08 | L97: =+VLOOKUP(E97,[2]!Tableau__192.168.29.23_APSSQL_Arizona_v_Addr_Employee_F[[N° Article]:[UC_code]],10,) -> PCE | M97: =C97*K97 -> 0
B98: =+IF($G$13="kit",IF($D$13=2,"0","4"),"0") -> 0 | C98: =+B98*$F$4 -> 0 | D98: =+VLOOKUP(E98,[2]!Tableau__192.168.29.23_APSSQL_Arizona_v_Addr_Employee_F[[N° Article]:[Description courte]],3,) -> RESSORT PLAT PR CHARN.INTER. | E98: 2 049 109 | G98: =+VLOOKUP(E98,[2]!Tableau__192.168.29.23_APSSQL_Arizona_v_Addr_Employee_F[[N° Article]:[Poids net]],32,) -> 0.015 | H98: kg/pce | I98: =C98*G98 -> 0 | J98: kg | K98: =+VLOOKUP(E98,[2]!Tableau__192.168.29.23_APSSQL_Arizona_v_Addr_Employee_F[[N° Article]:[Cout total]],9,) -> 2 | L98: =+VLOOKUP(E98,[2]!Tableau__192.168.29.23_APSSQL_Arizona_v_Addr_Employee_F[[N° Article]:[UC_code]],10,) -> PCE | M98: =C98*K98 -> 0
B99: =+IF($G$13="kit",IF($D$13=2,"4","8"),"0") -> 0 | C99: =+B99*$F$4 -> 0 | D99: =+VLOOKUP(E99,[2]!Tableau__192.168.29.23_APSSQL_Arizona_v_Addr_Employee_F[[N° Article]:[Description courte]],3,) -> RENFORT SZ PORTES ARRIERES | E99: 2 019 286 | G99: =+VLOOKUP(E99,[2]!Tableau__192.168.29.23_APSSQL_Arizona_v_Addr_Employee_F[[N° Article]:[Poids net]],32,) -> 0.175 | H99: kg/pce | I99: =C99*G99 -> 0 | J99: kg | K99: =+VLOOKUP(E99,[2]!Tableau__192.168.29.23_APSSQL_Arizona_v_Addr_Employee_F[[N° Article]:[Cout total]],9,) -> 1.74 | L99: =+VLOOKUP(E99,[2]!Tableau__192.168.29.23_APSSQL_Arizona_v_Addr_Employee_F[[N° Article]:[UC_code]],10,) -> PCE | M99: =C99*K99 -> 0
A100: =+A86 -> Base Kit | I100: =+SUM(I87:I99) -> 0 | M100: =+SUM(M87:M99) -> 0
A102: Fermetures Boxer 2
B103: =+IF($D$23="Boxer 2 - Std","1","0") -> 0 | C103: =+B103*$F$4*$D$15 -> 0 | D103: =+VLOOKUP(E103,[2]!Tableau__192.168.29.23_APSSQL_Arizona_v_Addr_Employee_F[[N° Article]:[Description courte]],3,) -> TRINGLE Ø 18, GALV. L = 2345 | E103: =+IF(($F$6)<2220,"2 119 100-4",IF(($F$6)<2805,"2 119 100-1","2 119 100-2")) -> 2 119 100-4 | F103: =+IF($G$19="oui ",($F$6+123)/1000,($F$6+125)/1000) -> 2.126 | G103: 2 | H103: kg/m | I103: =(F103)*C103*G103 -> 0 | J103: kg | K103: =+VLOOKUP(E103,[2]!Tableau__192.168.29.23_APSSQL_Arizona_v_Addr_Employee_F[[N° Article]:[Cout total]],9,) -> 1.92 | L103: =+VLOOKUP(E103,[2]!Tableau__192.168.29.23_APSSQL_Arizona_v_Addr_Employee_F[[N° Article]:[UC_code]],10,) -> KG | M103: =+K103*G103*C103 -> 0
B104: =+IF($D$23="Boxer 2 - Std","1","0") -> 0 | C104: =+B104*$F$4*$D$15 -> 0 | D104: =+VLOOKUP(E104,[2]!Tableau__192.168.29.23_APSSQL_Arizona_v_Addr_Employee_F[[N° Article]:[Description courte]],3,) -> BOXER 2 POIGNEE Ø 18 ZNF | E104: 2 119 030 | G104: =+VLOOKUP(E104,[2]!Tableau__192.168.29.23_APSSQL_Arizona_v_Addr_Employee_F[[N° Article]:[Poids net]],32,) -> 1.19 | H104: kg/pce | I104: =C104*G104 -> 0 | J104: kg | K104: =+VLOOKUP(E104,[2]!Tableau__192.168.29.23_APSSQL_Arizona_v_Addr_Employee_F[[N° Article]:[Cout total]],9,) -> 6.21 | L104: =+VLOOKUP(E104,[2]!Tableau__192.168.29.23_APSSQL_Arizona_v_Addr_Employee_F[[N° Article]:[UC_code]],10,) -> PCE | M104: =IF(L104="CENT",C104*K104/100,IF(L104="KG",K104*I104,K104*C104)) -> 0
B105: =+IF($D$23="Boxer 2 - Std","4","0") -> 0 | C105: =+B105*$F$4*$D$15 -> 0 | D105: =+VLOOKUP(E105,[2]!Tableau__192.168.29.23_APSSQL_Arizona_v_Addr_Employee_F[[N° Article]:[Description courte]],3,) -> GOUPILLE SPIRALE ø 5x28 ZING. | E105: 2 019 699 | G105: =+VLOOKUP(E105,[2]!Tableau__192.168.29.23_APSSQL_Arizona_v_Addr_Employee_F[[N° Article]:[Poids net]],32,) -> 0.006 | H105: kg/pce | I105: =C105*G105 -> 0 | J105: kg | K105: =+VLOOKUP(E105,[2]!Tableau__192.168.29.23_APSSQL_Arizona_v_Addr_Employee_F[[N° Article]:[Cout total]],9,) -> 7.99 | L105: =+VLOOKUP(E105,[2]!Tableau__192.168.29.23_APSSQL_Arizona_v_Addr_Employee_F[[N° Article]:[UC_code]],10,) -> CENT | M105: =IF(L105="CENT",C105*K105/100,IF(L105="KG",K105*I105,K105*C105)) -> 0
B106: =+IF($D$23="Boxer 2 - Std","1","0") -> 0 | C106: =+B106*$F$4*$D$15 -> 0 | D106: =+VLOOKUP(E106,[2]!Tableau__192.168.29.23_APSSQL_Arizona_v_Addr_Employee_F[[N° Article]:[Description courte]],3,) -> BOXER 2 CROCHET Ø 18 ZNF | E106: 2 119 036 | G106: =+VLOOKUP(E106,[2]!Tableau__192.168.29.23_APSSQL_Arizona_v_Addr_Employee_F[[N° Article]:[Poids net]],32,) -> 0.2 | H106: kg/pce | I106: =C106*G106 -> 0 | J106: kg | K106: =+VLOOKUP(E106,[2]!Tableau__192.168.29.23_APSSQL_Arizona_v_Addr_Employee_F[[N° Article]:[Cout total]],9,) -> 1.1 | L106: =+VLOOKUP(E106,[2]!Tableau__192.168.29.23_APSSQL_Arizona_v_Addr_Employee_F[[N° Article]:[UC_code]],10,) -> PCE | M106: =IF(L106="CENT",C106*K106/100,IF(L106="KG",K106*I106,K106*C106)) -> 0
B107: =+IF($D$23="Boxer 2 - Std","2","0") -> 0 | C107: =+B107*$F$4*$D$15 -> 0 | D107: =+VLOOKUP(E107,[2]!Tableau__192.168.29.23_APSSQL_Arizona_v_Addr_Employee_F[[N° Article]:[Description courte]],3,) -> RENFORT D'ANGLE, ZNG | E107: 2 019 233 | G107: =+VLOOKUP(E107,[2]!Tableau__192.168.29.23_APSSQL_Arizona_v_Addr_Employee_F[[N° Article]:[Poids net]],32,) -> 0.215 | H107: kg/pce | I107: =C107*G107 -> 0 | J107: kg | K107: =+VLOOKUP(E107,[2]!Tableau__192.168.29.23_APSSQL_Arizona_v_Addr_Employee_F[[N° Article]:[Cout total]],9,) -> 1.32 | L107: =+VLOOKUP(E107,[2]!Tableau__192.168.29.23_APSSQL_Arizona_v_Addr_Employee_F[[N° Article]:[UC_code]],10,) -> PCE | M107: =IF(L107="CENT",C107*K107/100,IF(L107="KG",K107*I107,K107*C107)) -> 0
B108: =+IF($D$23="Boxer 2 - Std","1","0") -> 0 | C108: =+B108*$F$4*$D$15 -> 0 | D108: =+VLOOKUP(E108,[2]!Tableau__192.168.29.23_APSSQL_Arizona_v_Addr_Employee_F[[N° Article]:[Description courte]],3,) -> PLAQUE LIAISON PORTE, HAUT,ZNF | E108: 2 019 234.1 | G108: =+VLOOKUP(E108,[2]!Tableau__192.168.29.23_APSSQL_Arizona_v_Addr_Employee_F[[N° Article]:[Poids net]],32,) -> 0.13 | H108: kg/pce | I108: =C108*G108 -> 0 | J108: kg | K108: =+VLOOKUP(E108,[2]!Tableau__192.168.29.23_APSSQL_Arizona_v_Addr_Employee_F[[N° Article]:[Cout total]],9,) -> 1.31 | L108: =+VLOOKUP(E108,[2]!Tableau__192.168.29.23_APSSQL_Arizona_v_Addr_Employee_F[[N° Article]:[UC_code]],10,) -> PCE | M108: =IF(L108="CENT",C108*K108/100,IF(L108="KG",K108*I108,K108*C108)) -> 0
B109: =+IF($D$23="Boxer 2 - Std","1","0") -> 0 | C109: =+B109*$F$4*$D$15 -> 0 | D109: =+VLOOKUP(E109,[2]!Tableau__192.168.29.23_APSSQL_Arizona_v_Addr_Employee_F[[N° Article]:[Description courte]],3,) -> PLAQUE LIAISON PORTE, BAS,ZNF | E109: 2 019 236.1 | G109: =+VLOOKUP(E109,[2]!Tableau__192.168.29.23_APSSQL_Arizona_v_Addr_Employee_F[[N° Article]:[Poids net]],32,) -> 0.155 | H109: kg/pce | I109: =C109*G109 -> 0 | J109: kg | K109: =+VLOOKUP(E109,[2]!Tableau__192.168.29.23_APSSQL_Arizona_v_Addr_Employee_F[[N° Article]:[Cout total]],9,) -> 1.47 | L109: =+VLOOKUP(E109,[2]!Tableau__192.168.29.23_APSSQL_Arizona_v_Addr_Employee_F[[N° Article]:[UC_code]],10,) -> PCE | M109: =IF(L109="CENT",C109*K109/100,IF(L109="KG",K109*I109,K109*C109)) -> 0
B110: =+IF($D$23="Boxer 2 - Std","4","0") -> 0 | C110: =+B110*$F$4*$D$15 -> 0 | D110: =+VLOOKUP(E110,[2]!Tableau__192.168.29.23_APSSQL_Arizona_v_Addr_Employee_F[[N° Article]:[Description courte]],3,) -> RIVET AVEUGLE ACIER ø 6.4x26.0 | E110: 1 059 059.122 | G110: =+VLOOKUP(E110,[2]!Tableau__192.168.29.23_APSSQL_Arizona_v_Addr_Employee_F[[N° Article]:[Poids net]],32,) -> 0.01 | H110: kg/pce | I110: =(F110)*C110*G110 -> 0 | J110: kg | K110: =+VLOOKUP(E110,[2]!Tableau__192.168.29.23_APSSQL_Arizona_v_Addr_Employee_F[[N° Article]:[Cout total]],9,) -> 17.03 | L110: =+VLOOKUP(E110,[2]!Tableau__192.168.29.23_APSSQL_Arizona_v_Addr_Employee_F[[N° Article]:[UC_code]],10,) -> CENT | M110: =IF(L110="CENT",C110*K110/100,IF(L110="KG",K110*I110,K110*C110)) -> 0
A111: =+A102 -> Fermetures Boxer 2 | I111: =+SUM(I103:I110) -> 0 | M111: =+SUM(M103:M110) -> 0
A113: Fermetures Boxer 3
...
